 Dungeon Crawl Stone Soup version 0.26-a0-812-g31a745ddcd (webtiles) character file.

Game seed: 12522902230557355714

788 nicanaca0 the Cudgeller (level 7, 0/41 HPs)
             Began as a Gargoyle Fighter on Nov 22, 2020.
             Was an Initiate of Gozag.
             Slain by an ogre
             ... wielding a +0 giant spiked club
              (28 damage)
             ... on level 5 of the Dungeon.
             The game lasted 00:06:04 (4195 turns).

nicanaca0 the Cudgeller (Gargoyle Fighter)          Turns: 4195, Time: 00:06:04

Health: 0/41       AC: 14    Str: 19    XL:     7   Next: 87%
Magic:  7/7        EV:  3    Int:  9    God:    Gozag
Gold:   232        SH:  9    Dex: 11    Spells: 6/6 levels left

rFire    . . .     SeeInvis .   a - +0 flail
rCold    . . .     Faith    .   c - +0 kite shield
rNeg     + . .     Spirit   .   p - +0 plate armour
rPois    ∞         Reflect  .   (no helmet)
rElec    +         Harm     .   (no cloak)
rCorr    .         Rampage  .   B - +1 pair of gloves
MR       .....                  (no boots)
Stlth    ..........             (no amulet)
HPRegen  0.13/turn              y - -4 ring of protection (curse)
MPRegen  0.10/turn              z - ring of poison resistance

@: no status effects
A: negative energy resistance 1, electricity resistance, unbreathing,
petrification resistance, rot immunity, AC +4
a: Potion Petition, Call Merchant, Bribe Branch, Renounce Religion


You were on level 5 of the Dungeon.
You worshipped Gozag.
Gozag was aware of your devotion.
You visited 2 branches of the dungeon, and saw 6 of its levels.

You collected 278 gold pieces.
You paid 46 gold pieces to Gozag.

Inventory:

Hand Weapons
 a - a +0 flail (weapon)
 G - a +1 flail of holy wrath
Missiles
 e - 26 poisoned darts (quivered)
 m - 5 throwing nets
 q - 10 atropa-tipped darts
Armour
 c - a +0 kite shield (worn)
 p - a +0 plate armour (worn)
 B - a +1 pair of gloves (worn)
Jewellery
 y - a cursed -4 ring of protection (left hand)
 z - a ring of poison resistance (right hand)
 F - a cursed amulet of inaccuracy {unknown}
 J - a cursed ring of positive energy {unknown}
Wands
 A - a wand of iceblast (9)
 I - a wand of acid (4)
Scrolls
 b - a scroll of noise {unknown}
 g - 14 scrolls of identify {unknown}
 h - 5 scrolls of teleportation {unknown}
 i - 8 scrolls of remove curse {unknown}
 l - 4 scrolls of blinking {unknown}
 n - a scroll of fear {unknown}
 s - a scroll of magic mapping {unknown}
 u - 3 scrolls of enchant armour {unknown}
 v - a scroll of random uselessness {unknown}
 x - 2 scrolls of amnesia {unknown}
 C - a scroll of fog {unknown}
 H - 2 scrolls of immolation {unknown}
Potions
 d - a potion of might
 f - 3 potions of degeneration {unknown}
 j - 3 potions of ambrosia {unknown}
 k - a potion of brilliance {unknown}
 o - 3 potions of haste {unknown}
 r - 2 potions of flight {unknown}
 t - 2 potions of curing {unknown}
 w - 3 potions of heal wounds {unknown}
 D - a potion of cancellation {unknown}
 E - a potion of berserk rage {unknown}


   Skills:
 + Level 3.5 Fighting
 * Level 7.7 Maces & Flails
 + Level 3.5 Armour
 + Level 5.1 Shields


You had 6 spell levels left.
You didn't know any spells.
Your spell library was empty.

Dungeon Overview and Level Annotations

Branches:
Dungeon (5/15)             Temple (1/1) D:4

Altars:
Ashenzari
Cheibriados
Dithmenos
Elyvilon
Fedhas
Gozag
Kikubaaqudgha
Makhleb
Nemelex Xobeh
Okawaru
Qazlal
Ru
Sif Muna
Trog
Wu Jian
Xom
Yredelemnul
Zin
The Shining One

Shops:
D:5 =


Innate Abilities, Weirdness & Mutations

You are resistant to torment.
Your stone body is resilient. (AC +4)
You are immune to poison.
You resist negative energy. (rN+)
You are resistant to electric shocks. (rElec)
You can survive without breathing.
You are immune to petrification.
You are immune to rotting.


Message History

You block the ogre's attack.
You hit the ogre.
The ogre is moderately wounded.
The ogre hits you with a +0 giant spiked club!
You are too injured to fight recklessly!
You are too injured to fight recklessly!
You are too injured to fight recklessly!
You are too injured to fight recklessly!
You are too injured to fight recklessly!
You are too injured to fight recklessly!
You are too injured to fight recklessly!
You are too injured to fight recklessly!
You hit the ogre.
The ogre is moderately wounded.
You closely miss the ogre.
The ogre is moderately wounded.
The ogre hits you with a +0 giant spiked club!!
Ouch! That really hurt!
You die...
Your body crumbles into a pile of gold.

#...##.# .# #...##.# .#
#....((( ##.#
#####....#.# ...##
............ #...
........... #..#
............ #.####O.#
#####....### #.....@.#
#....... ######.##
###...#### #.# #.....#
#.# #.###.# #.#######.#
#.# #......##.###.#
###.####.####.##.....#
.........####.####.######
###.####.##..............


You could see an ogre.

Vanquished Creatures
  Menkaure (D:4)
  Edmund (D:4)
  A centaur (D:5)
  A scorpion (D:5)
  A hound (D:5)
  2 orc priests (D:4)
  3 orc wizards
  An iguana (D:4)
  A hound zombie (D:4)
  5 adders
  8 gnolls
  2 oozes
  3 dart slugs
  4 leopard geckos
  6 orcs
  11 bats
  2 giant cockroaches (D:3)
  7 goblins
  9 hobgoblins
  4 jackals (D:4)
  5 frilled lizards
  A giant cockroach zombie (D:5)
  9 kobolds
  A leopard gecko skeleton (D:5)
  9 rats
98 creatures vanquished.

Notes
Turn   | Place    | Note
-------+----------+-------------------------------------------
     0 | D:1      | nicanaca0 the Gargoyle Fighter began the quest for the Orb.
     0 | D:1      | Reached XP level 1. HP: 14/14 MP: 1/1
   179 | D:1      | Reached XP level 2. HP: 19/19 MP: 2/2
   266 | D:1      | Reached skill level 3 in Maces & Flails
   734 | D:1      | Reached XP level 3. HP: 23/23 MP: 3/3
  1145 | D:2      | Reached skill level 4 in Maces & Flails
  1418 | D:2      | Reached XP level 4. HP: 27/28 MP: 4/4
  1602 | D:3      | Reached skill level 5 in Maces & Flails
  1602 | D:3      | Reached XP level 5. HP: 20/32 MP: 5/5
  2632 | D:4      | Reached XP level 6. HP: 37/37 MP: 6/6
  2638 | D:4      | Reached skill level 6 in Maces & Flails
  2817 | D:4      | Found a staircase to the Ecumenical Temple.
  2891 | D:4      | Noticed Edmund
  2906 | D:4      | Killed Edmund
  2906 | D:4      | Reached XP level 7. HP: 37/41 MP: 7/7
  2939 | Temple   | Entered the Ecumenical Temple
  3000 | Temple   | Became a worshipper of Gozag Ym Sagoz the Greedy
  3061 | D:4      | Noticed Menkaure
  3067 | D:4      | Killed Menkaure
  3067 | D:4      | Reached skill level 7 in Maces & Flails
  3567 | D:5      | Entered Level 5 of the Dungeon
  3567 | D:5      | Found Weba's Jewellery Emporium.
  3848 | D:5      | Reached skill level 5 in Shields
  4195 | D:5      | Slain by an ogre

Illustrated notes

Levels and vault maps discovered:
D:1:      minmay_arrival_nine_rooms, layout_basic
D:2:      wad_river_or_something, layout_basic, serial_park_tiny_pond,
          serial_park_tiny_2, minmay_circle_x
D:3:      layout_loops_ring, st_stairs_3
D:4:      layout_basic, minmay_temple_entry_proselytizer,
          minmay_misc_feat_encased, uniq_menkaure, uniq_edmund
D:5:      layout_loops_cross, kennysheep_mini, serial_shops,
          nicolae_shop_temple_entry_statues_fountains
Temple:   regret_index_temple_sigil_plot

Skill      XL: |  1  2  3  4  5  6  7 |
---------------+----------------------+-----
Maces & Flails | 3 4 5 6 7 |  7.7
Shields        | 4 5 |  5.1
Fighting       | |  3.5
Armour         | |  3.5

Action                   |  1- 3 |  4- 6 |  7- 9 || total
-------------------------+-------+-------+-------++-------
Melee: Flail             |   121 |   213 |    76 ||   410
Armor: Scale mail        |    44 |       |       ||    44
       Plate armour      |    48 |   181 |    63 ||   292
Dodge: Dodged            |    31 |    27 |    14 ||    72
Block: Kite shield       |    67 |   124 |    55 ||   246

Table legend: (Time is in decaauts)
 A = Elapsed time spent in this place.
 B = Non-inter-level travel time spent in this place.
 C = Inter-level travel time spent in this place.
 D = Time resting spent in this place.
 E = Time spent auto-exploring this place.
 F = Levels seen in this place.
 G = Mean time per level.
                   A        B        C        D        E       F      G
               +--------+--------+--------+--------+--------+-----+--------+
         Total |   4286 |   4134 |    152 |      0 |   3282 |   6 |  714.3 |
       Dungeon |   4211 |   4073 |    138 |      0 |   3224 |   5 |  842.2 |
        Temple |     75 |     61 |     14 |      0 |     58 |   1 |   75.0 |
               +--------+--------+--------+--------+--------+-----+--------+

Top non-repeatable levels by time:
     D:4: 1084 daAuts
     D:1: 983 daAuts
     D:3: 896 daAuts
     D:5: 633 daAuts
     D:2: 613 daAuts
  Temple: 75 daAuts
